Map: Hard Lead LE

Players

Striker - Winner!

  • Race: Terran Terran
  • League: Diamond
  • Spawn Location: 5:00

SubN

  • Race: Zerg Zerg
  • League: Diamond
  • Spawn Location: 11:00

VOD

Have the link to the VOD?

Description

Time

  • Played on: Dec. 21, 2023, 6:14 p.m.
  • Length: 6:18
Show
View Real Time Build Order
Export as new Build Order

Striker Terran - Winner!

Build Orders: 1/1/1 

Get SALT Encoding   

  12  0:00  SCV  
  13  0:13  SCV  
  14  0:19  Supply Depot  
  14  0:25  SCV  
  15  0:41  SCV  
  16  0:43  Barracks  
  16  0:45  Refinery  
  16  0:51  Refinery  
  16  0:54  SCV  
  17  1:06  SCV  
  18  1:18  SCV  
  19  1:30  SCV  
  19  1:32  Supply Depot, Factory  
  20  1:36  Marine  
  21  1:42  SCV  
  22  1:54  Marine, SCV  
  24  2:06  SCV  
  25  2:22  Starport  
  25  2:24  Starport  
  25  2:26  Orbital Command  
  25  2:32  Widow Mine  
  25  2:35  Marine  
  28  2:44  Supply Depot  
  28  3:02  Starport Tech Lab  
  28  3:07  Starport Tech Lab  
  28  3:14  Hyperflight Rotors  
  28  3:21  Command Center  
  28  3:26  Banshee  
  31  3:28  Banshee  
  34  3:42  Supply Depot  
  34  4:06  Engineering Bay  
  34  4:09  Banshee  
  37  4:10  Factory Tech Lab  
  37  4:11  Banshee  
  40  4:22  Supply Depot  
  40  4:39  Siege Tank  
  40  4:40  Refinery  
  40  4:42  SCV  
  44  4:53  Planetary Fortress  
  44  4:54  SCV  
  45  5:04  Refinery  
  45  5:07  SCV  
  46  5:12  Armory  
  46  5:19  SCV  
  47  5:31  SCV  
  48  5:43  SCV  
  49  5:55  SCV  
Show
View Real Time Build Order
Export as new Build Order

SubN Zerg 

Build Orders: Hatch First 

Get SALT Encoding   

  12  0:00  Drone  
  13  0:12  Overlord  
  13  0:16  Drone  
  14  0:30  Drone  
  14  0:32  Drone  
  16  0:51  Drone  
  16  0:53  Hatchery  
  16  0:54  Drone  
  17  1:01  Extractor  
  16  1:11  Spawning Pool  
  16  1:14  Drone  
  16  1:18  Drone  
  17  1:24  Drone  
  18  1:27  Drone  
  19  1:38  Drone  
  20  1:49  Overlord  
  20  1:59  Queen  
  22  2:04  Queen  
  22  2:07  Metabolic Boost  
  24  2:11  Drone  
  24  2:14  Drone  
  26  2:21  Drone x2  
  28  2:25  Drone  
  28  2:29  Drone  
  30  2:40  Queen  
  32  2:47  Drone x3  
  32  2:49  Overlord  
  35  2:57  Drone  
  36  3:05  Evolution Chamber  
  35  3:07  Evolution Chamber  
  35  3:11  Roach Warren  
  35  3:12  Drone x5  
  38  3:13  Drone  
  39  3:24  Lair  
  39  3:29  Drone  
  39  3:30  Drone, Extractor  
  39  3:31  Drone, Extractor  
  39  3:33  Overlord  
  40  3:47  Drone  
  40  3:48  Drone  
  42  3:52  Drone x3  
  42  3:55  Drone x2  
  47  4:09  Overlord x2  
  47  4:14  Zerg Missile Weapons Level 1  
  47  4:27  Overlord  
  47  4:28  Drone  
  48  4:34  Drone x3  
  48  4:35  Drone  
  48  4:38  Pneumatized Carapace  
  52  4:39  Extractor  
  52  4:41  Overseer  
  51  4:51  Hatchery  
  50  4:53  Drone x6  
  56  5:00  Overlord  
  56  5:01  Overlord x2  
  56  5:14  Roach  
  56  5:15  Roach x5  
  56  5:18  Queen  
  70  5:25  Queen  
  65  5:36  Spore Crawler  
  61  5:43  Spore Crawler  
  61  5:49  Roach  
Tags
 
Add a new tag
Caveats
  • Supply blocks, unpowered buildings, or Contaminate may cause inaccurate times.
  • Supply counts are checked every 10 seconds.